 Dungeon Crawl Stone Soup version 0.21.1-1-g345015f (webtiles) character file.

20 Swet the Grasshopper (level 2, -4/14 HPs)
             Began as a Spriggan Warper on July 20, 2018.
             Slain by a gnoll
             ... wielding a +0 flail
              (8 damage)
             ... on level 2 of the Dungeon.
             The game lasted 00:09:35 (1912 turns).

Swet the Grasshopper (Spriggan Warper)              Turns: 1912, Time: 00:09:36

Health: -4/14      AC:  2    Str:  7    XL:     2   Next: 58%
Magic:  7/7        EV: 19    Int: 14    God:
Gold:   29         SH:  0    Dex: 15    Spells: 5/7 levels left

rFire    . . .     SeeInvis +   a - +0 short sword
rCold    . . .     Gourm    .   (shield restricted)
rNeg     . . .     Faith    .   b - +0 robe
rPois    .         Spirit   .   (helmet restricted)
rElec    .         Reflect  .   (no cloak)
rCorr    .         Harm     .   (gloves unavailable)
MR       .....                  (boots unavailable)
Stlth    +.........             (no amulet)
HPRegen  0.04/turn              (no ring)
MPRegen  0.10/turn              (no ring)

@: very quick
A: very small, unfitting armour, see invisible, herbivore, speed 3, slow
metabolism 2
a: no special abilities


You were on level 2 of the Dungeon.
You were not hungry.

You visited 1 branch of the dungeon, and saw 2 of its levels.

You collected 29 gold pieces.

Inventory:

Hand Weapons
 a - a +0 short sword (weapon)
Missiles
 k - a tomahawk (quivered)
Armour
 b - a +0 robe (worn)
Scrolls
 h - a scroll of fear {unknown}
 i - a scroll of remove curse
 m - a scroll of identify {unknown}
Potions
 e - a potion of curing {unknown}
 g - a potion of might
 l - a potion of brilliance {unknown}
Books
 c - a book of Spatial Translocations

   Spells                             Type                      Level
   a - Blink                          Translocation                2
   b - Shroud of Golubria             Charms/Translocation         2
   c - Lesser Beckoning               Translocation                3
   d - Gell's Gravitas                Translocation                3
   e - Teleport Other                 Translocation                3
   f - Passage of Golubria            Translocation                4
Comestibles
 f - 4 rations


   Skills:
 - Level 1.5 Fighting
 + Level 2.5 Short Blades
 - Level 1.0 Throwing
 * Level 4.4 Dodging
 + Level 3.1 Spellcasting
 - Level 4.4 Translocations


You had 5 spell levels left.
You knew the following spells:

 Your Spells              Type           Power        Failure   Level  Hunger
a - Blink                 Tloc           N/A          5%          2    ##.....


Dungeon Overview and Level Annotations

Branches:
Dungeon (2/15)

Altars:


Innate Abilities, Weirdness & Mutations

You are very small and have problems with some larger weapons.
You are too small for most types of armour.
You have supernaturally acute eyesight. (SInv)
You are a herbivore.
You cover ground extremely quickly.
You need consume almost no food.


Message History

The gnoll barely misses you. x2
You hit the gnoll but do no damage.
The gnoll is severely wounded.
The gnoll closely misses you. The gnoll misses you.
You hit the gnoll.
The gnoll is almost dead.
The gnoll barely misses you.
You hit the gnoll.
The gnoll is almost dead.
The gnoll barely misses you. The gnoll misses you.
You barely miss the gnoll.
The gnoll is almost dead.
The gnoll misses you. The gnoll hits you with a flail!
Ouch! That really hurt!
* * * LOW HITPOINT WARNING * * *
You barely miss the gnoll.
The gnoll is almost dead.
The gnoll completely misses you. The gnoll hits you with a flail!
Ouch! That really hurt!
You die...

... #.. #.. #.. ..##
..# #.## #.####..#
#.....#@# #.###.#g#
#######.#rg.(..(.
#.......#g...g..(
#.#######.$......
#.......+..>....(
#####..######........
...#....# #.....###
####.##)#.# #.....#


You could see 3 gnolls and a rat.

Vanquished Creatures
  An adder (D:2)
  3 bats (D:1)
  4 hobgoblins (D:1)
  A frilled lizard (D:1)
  A rat (D:1)
10 creatures vanquished.

Notes
Turn   | Place    | Note
-------+----------+-------------------------------------------
     0 | D:1      | Swet the Spriggan Warper began the quest for the Orb.
     0 | D:1      | Reached XP level 1. HP: 10/10 MP: 5/5
   584 | D:1      | Reached XP level 2. HP: 13/14 MP: 6/6
  1321 | D:2      | Learned a level 2 spell: Blink
  1912 | D:2      | Slain by a gnoll

Skill      XL: |  1  2 |
---------------+-------+-----
Dodging        | 4 |  4.4
Spellcasting   | 3 |  3.1
Fighting       | |  1.5
Short Blades   | |  2.5
Throwing       | |  1.0
Translocations | |  4.4

Action                   || total
-------------------------++-------
Melee: Short sword       ||    70
Throw: Tomahawk          ||    15
 Cast: Blink             ||     6
  Use: Scroll            ||     2
       Potion            ||     1
 Stab: Sleeping          ||     1
Armor: Robe              ||     6
Dodge: Dodged            ||    76
